 Dungeon Crawl Stone Soup version 0.30-a0-726-gd89dcf765f (webtiles) character file.

Game seed: 5622664510180256872

2356 timneilson the Shield-Bearer (level 9, -6/55 HPs)
             Began as a Gargoyle Fighter on Jan 29, 2023.
             Was a Believer of Okawaru.
             Mangled by a wyvern (13 damage)
             ... on level 7 of the Dungeon.
             The game lasted 00:13:04 (5415 turns).

timneilson the Shield-Bearer (Gargoyle Fighter)     Turns: 5415, Time: 00:13:04

Health: -6/55      AC: 23    Str: 24    XL:     9   Next: 44%
Magic:  10/11      EV: 10    Int:  9    God:    Okawaru [**....]
Gold:   283        SH:  6    Dex:  9    Spells: 8/8 levels left

rFire   . . .      SeeInvis .    a - +0 long sword
rCold   + . .      Faith    .    c - +0 buckler
rNeg    + + .      Spirit   .    l - +0 chain mail
rPois   ∞          Reflect  .    d - +0 helmet
rElec   +          Harm     .    (no cloak)
rCorr   .          Rampage  .    (no gloves)
Will    +....                    j - +2 pair of boots {Stlth+}
Stlth   +                        b - amulet of regeneration
HPRegen 1.09/turn                m - ring "Veiqor" {rC+ rN+}
MPRegen 0.12/turn                s - ring of willpower

@: heroic
A: sickness immunity, AC +6, negative energy resistance 1, electricity
resistance, torment resistance 1, petrification resistance
a: Renounce Religion, Heroism


You were on level 7 of the Dungeon.
You worshipped Okawaru.
Okawaru was pleased with you.
You visited 1 branch of the dungeon, and saw 7 of its levels.

You collected 283 gold pieces.

Inventory:

Hand Weapons
 a - a +0 long sword (weapon)
Missiles
 n - a throwing net (quivered)
Armour
 c - a +0 buckler (worn)
 d - a +0 helmet (worn)
 e - a +0 plate armour
 j - a +2 pair of boots of stealth (worn)
 l - a +0 chain mail (worn)
Jewellery
 b - an amulet of regeneration (around neck)
 k - a ring of ice
 m - the ring "Veiqor" (left hand) {rC+ rN+}
   (You found it on level 2 of the Dungeon)

   [ring of positive energy]

   rC:        It protects you from cold.
   rN:        It protects you from negative energy.
 s - a ring of willpower (right hand)
Scrolls
 g - 2 scrolls of identify
 p - 3 scrolls of poison
 t - a scroll of fog {unknown}
Potions
 f - a potion of curing
 h - 2 potions of brilliance
 i - a potion of haste
 o - a potion of resistance
 q - a potion of berserk rage
 r - a potion of heal wounds


   Skills:
 + Level 5.6(10.6) Fighting
 * Level 5.8(10.8) Long Blades
 * Level 7.2(12.2) Armour
 + Level 3.2(8.2) Dodging
 * Level 7.3(12.3) Shields
 + Level 3.1 Invocations


You had 8 spell levels left.
You didn't know any spells.
Your spell library contained the following spells:

 Spells                   Type           Power      Damage    Failure   Level
 Shock                    Conj/Air       0%         1d3       93%         1
 Poisonous Vapours        Pois/Air       0%         N/A       98%         2
 Mephitic Cloud           Conj/Pois/Air  0%         N/A       100%        3
 Swiftness                Air            0%         N/A       100%        3
 Airstrike                Air            0%         2d(0-16)  100%        4
 Cigotuvi's Dreadful Rot  Necr/Pois/Air  Unusable   N/A       N/A         2

Dungeon Overview and Level Annotations

Branches:
Dungeon (7/15)             Temple (0/1) D:7

Altars:
Okawaru
Vehumet

Shops:
D:3 [   D:5 ?   D:6 !*


Innate Abilities, Weirdness & Mutations

You are immune to sickness and miasma.
Your stone body is resilient. (AC +6)
You are immune to poison.
You resist negative energy. (rN+)
You are resistant to electric shocks. (rElec)
You are resistant to unholy torment.
You are immune to petrification.


Message History

The wyvern is lightly wounded.
The wyvern bites you but does no damage.
You hit the wyvern but do no damage.
The wyvern is lightly wounded.
The wyvern bites you.
You hit the wyvern but do no damage.
The wyvern is lightly wounded.
The wyvern bites you but does no damage. x2
You closely miss the wyvern.
The wyvern is lightly wounded.
The wyvern bites you!
You hit the wyvern.
The wyvern is moderately wounded.
The wyvern bites you but does no damage.
You closely miss the wyvern.
The wyvern is moderately wounded.
The wyvern bites you but does no damage. x2
You closely miss the wyvern.
The wyvern is moderately wounded.
The wyvern bites you!
You barely miss the wyvern.
The wyvern is moderately wounded.
The wyvern bites you but does no damage.
The wyvern closely misses you.
You barely miss the wyvern.
The wyvern is moderately wounded.
The wyvern closely misses you.
You barely miss the wyvern.
The wyvern is moderately wounded.
The wyvern bites you!
* * * LOW HITPOINT WARNING * * *
You hit the wyvern but do no damage.
The wyvern is moderately wounded.
The wyvern hisses menacingly.
You block the wyvern's attack. The wyvern bites you!
* * * LOW HITPOINT WARNING * * *
You hit the wyvern.
The wyvern is heavily wounded.
The wyvern bites you!
You die...

.#.#.#.#.#.#############..#
..........................#
.#.......#..............#.#
...........###.########.#.#
.#...>...#.###.#### #.#.#
............##....# #.#.#
.#.......#..##.##.# #.#.#
....^.......##.##.# #.#.#
.#.#.#.#.#..l@.##.## ##.#.#
............####...###....#
.....##..##........))).#..#
####. #..##.>###...###..†##
#.........# ##.## ##.......
###....... ...# ########
##.###.###### .#


You could see a wyvern.

Vanquished Creatures
  Maggie (D:6)
  Sigmund (D:2)
  An orc warrior (D:6)
  A sky beast (D:7)
  An ogre (D:5)
  A kobold brigand (D:6)
  5 scorpions
  2 wyvern zombies (D:5)
  A bullfrog (D:7)
  A necrophage (D:6)
  A water moccasin zombie (D:5)
  A water moccasin skeleton (D:5)
  3 bullfrog zombies (D:5)
  5 hounds
  A jelly (D:7)
  A gnoll bouda (D:7)
  3 orc priests
  2 iguanas (D:4)
  Terence (D:3)
  5 orc wizards
  A scorpion zombie (D:5)
  A hound skeleton (D:5)
  16 gnolls
  6 adders
  A shadow imp (D:6)
  2 worms
  28 orcs
  A bat (D:2)
  6 endoplasms
  4 giant cockroaches
  5 goblins
  8 hobgoblins
  2 jackals (D:5)
  4 quokkas
  4 ball pythons
  12 kobolds
  7 rats
146 creatures vanquished.

Notes
Turn   | Place    | Note
-------+----------+-------------------------------------------
     0 | D:1      | timneilson the Gargoyle Fighter began the quest for the
                  | Orb.
     0 | D:1      | Reached XP level 1. HP: 14/14 MP: 1/1
    95 | D:1      | Reached XP level 2. HP: 19/19 MP: 2/2
   195 | D:1      | Found a faded altar of an unknown god.
   294 | D:1      | Reached XP level 3. HP: 2/23 MP: 3/3
   296 | D:1      | HP: 1/23 [hobgoblin (1)]
   975 | D:2      | Identified the ring "Veiqor" {rC+ rN+}
  1186 | D:2      | Noticed Sigmund
  1201 | D:2      | Killed Sigmund
  1202 | D:2      | Reached skill level 1 in Dodging
  1202 | D:2      | Reached XP level 4. HP: 23/29 MP: 4/4
  1202 | D:2      | Reached XP level 5. HP: 26/33 MP: 5/5
  1342 | D:3      | Found Deusal's Armour Emporium.
  1606 | D:3      | Reached XP level 6. HP: 38/38 MP: 6/6
  1731 | D:3      | Noticed Terence
  1744 | D:3      | Killed Terence
  2348 | D:4      | Reached skill level 5 in Shields
  2658 | D:5      | Entered Level 5 of the Dungeon
  2678 | D:5      | Reached skill level 5 in Armour
  2678 | D:5      | Reached XP level 7. HP: 40/43 MP: 7/7
  2707 | D:5      | HP: 1/43 [orc/+0 morningstar (5)]
  3012 | D:5      | Found an iron altar of Okawaru.
  3020 | D:5      | Became a worshipper of Warmaster Okawaru
  3176 | D:5      | Reached XP level 8. HP: 42/48 MP: 8/8
  3193 | D:5      | Found a radiant altar of Vehumet.
  3241 | D:5      | Reached skill level 1 in Invocations
  3346 | D:5      | Found Teanguts's Magic Scroll Shop.
  3509 | D:5      | Reached * piety under Okawaru
  3536 | D:5      | Identified the +2 falchion of the Imperium {spect, rC+++
                  | Str-5 Dex+8 Stlth-}
  3989 | D:6      | Reached skill level 5 in Fighting
  4114 | D:6      | Noticed Maggie
  4141 | D:6      | Killed Maggie
  4142 | D:6      | Reached skill level 5 in Long Blades
  4276 | D:6      | Found Siurph's Distillery.
  4510 | D:6      | Reached XP level 9. HP: 16/54 MP: 10/10
  4556 | D:6      | Found Siumpos's Fire Supplies.
  5111 | D:7      | Reached ** piety under Okawaru
  5387 | D:7      | Found a staircase to the Ecumenical Temple.
  5415 | D:7      | Mangled by a wyvern

Illustrated notes

Levels and vault maps discovered:
D:1:      dpeg_arrival_concentric_ovals, layout_basic,
          hellmonk_ecumenical_altar_lost_god, amcnicky_mini_rare_corridor_liquid
D:2:      layout_basic, uniq_sigmund
D:3:      layout_loops_cross, serial_shops, nicolae_shop_trees, uniq_terence
D:4:      layout_loops_ring, minmay_strange_pillars, minmay_misc_feat_iff,
          dreamdust_princess_corridor
D:5:      layout_cave_pods, mainiacjoe_overflow_tiny_flanked,
          nicolae_vehumet_radiance, serial_shops, shop, serial_undead,
          serial_undead_a, serial_undead_a, serial_undead_d, serial_undead_f
D:6:      layout_gridville, serial_shops, nicolae_diamond_shop,
          nicolae_shop_fire_sale [nicolae_sub_dead_trees], nicolae_titane,
          uniq_maggie
D:7:      layout_loops_ring, minmay_temple_entry_glass, dk_noncrumbling_2,
          uniq_crazy_yiuf_cottage

Skill      XL: |  1  2  3  4  5  6  7  8  9 |
---------------+----------------------------+-----
Long Blades    | 2 3 4 5 |  5.8
Armour         | 4 5 6 7 |  7.2
Dodging        | 1 2 3 |  3.2
Shields        | 4 5 6 7 |  7.3
Fighting       | 4 5 |  5.6
Invocations    | 2 3 |  3.1

Action                     |  1- 3 |  4- 6 |  7- 9 || total
---------------------------+-------+-------+-------++-------
  Melee: Long sword        |   101 |   176 |   752 ||  1029
 Invoke: Heroism           |       |       |     1 ||     1
    Use: Scroll            |     5 |     7 |     3 ||    15
         Potion            |     1 |       |     4 ||     5
 Armour: Scale mail        |    74 |    88 |       ||   162
         Chain mail        |       |     8 |   616 ||   624
  Dodge: Dodged            |    77 |    66 |   333 ||   476
  Block: Buckler           |    26 |    33 |   201 ||   260

Table legend: (Time is in decaauts)
 A = Elapsed time spent in this place.
 B = Non-inter-level travel time spent in this place.
 C = Inter-level travel time spent in this place.
 D = Time resting spent in this place.
 E = Time spent auto-exploring this place.
 F = Levels seen in this place.
 G = Mean time per level.
                   A        B        C        D        E       F      G
               +--------+--------+--------+--------+--------+-----+--------+
         Total |   5643 |   5519 |    124 |    176 |   3422 |   7 |  806.1 |
       Dungeon |   5643 |   5519 |    124 |    176 |   3422 |   7 |  806.1 |
               +--------+--------+--------+--------+--------+-----+--------+

Top non-repeatable levels by time:
     D:5: 1323 daAuts
     D:6: 1236 daAuts
     D:3: 792 daAuts
     D:1: 760 daAuts
     D:4: 633 daAuts
     D:2: 550 daAuts
     D:7: 346 daAuts
